woodfighter, chaotic female elven Rogue ----- #....| ---------------- |..<| ----- ------ |?!%!*[%)!!*(%.| |...| |...| |....| |[%%m)..))/%!%%| |....# |...| #.....| |?*!@!=!!=[.?+.| #-...|# ------- #.....###########|....| |.............@| ###-----### |......# #|...| |..`.| --------------+- # # |.....|# #|...| |....| #### # ##-.....|# #----- ------ # # |.....|# #### ### # -------# # # # # # ## # ### # -.-----------# # # |...........-# ######## # |........>..| # ---|------# |...........| ##-.........# ------------- |........| ---------- woodfighter the Cutpurse Experience level: 5 Strength: 14 Dexterity: 16 Constitution: 16 Intelligence: 15 Wisdom: 8 Charisma: 9 Health: 0(29) Energy: 18(18) Def: 3 Gold: 0 Moves: 2119 Dungeon seed: fCmEdQH-RgCJLecR Game ID: woodfighter_1511262551 Your Inventory: Amulets N - an uncursed amulet of life saving Weapons a - a blessed +3 short sword named Sword of Serenity (weapon in hand) b - 12 +0 elven daggers (in quiver) Armor e - an uncursed +1 leather armor (being worn) n - an uncursed +0 orcish helm Comestibles p - 2 uncursed sprigs of wolfsbane u - an uncursed carrot Wands h - a wand of opening (0:3) D - a blessed wand of digging (0:5) Tools g - an uncursed blindfold s - an uncursed sack w - an uncursed tooled horn y - an uncursed lock pick P - an uncursed brass lantern (0:1271) Contents of the sack: 709 gold pieces a [uncursed] scroll of fire 2 [uncursed] scrolls of identify a [blessed] scroll of magic mapping a [uncursed] scroll of scare monster a [uncursed] spellbook of detect monsters a [uncursed] spellbook of detect unseen a [uncursed] spellbook of remove curse a [uncursed] potion of blindness an uncursed potion of booze an uncursed potion of levitation a [uncursed] potion of monster detection a [uncursed] potion of object detection 2 [uncursed] potions of restore ability an uncursed potion of sickness Spells and supernatural/magical abilities: Name Level Category Fail Memory W - pray for help -- divine ? -- Your skills at the end: Miscellaneous Skills wands [Basic] Weapon Skills dagger [Basic] short sword [Basic] Spellcasting Skills Final Attributes: You were piously aligned. You were sleep resistant. You had infravision. You were stealthy. You were held by a giant mimic. You are dead. Vanquished creatures: 4 small mimics a fog cloud a rothe a hobbit 3 hobgoblins a yellow mold a red mold a garter snake a gnome zombie 3 jackals a kobold 4 newts 2 goblins 12 grid bugs a kobold zombie 37 creatures vanquished. Voluntary challenges: You did not adorn yourself with jewelry or accessories. You did not cause conflict. You were not invisible. You did not have reflection. You were not displaced. You used a wielded weapon 58 times, starting on turn 16. You did not apply a unicorn horn. You did not use plumbed fixtures. You did not drink any magical draughts. You read items or engraved 1 time, starting on turn 1361. You never genocided any monsters. You never polymorphed an object. You never changed form. You used no wishes. You never split a pudding. You never wrote Elbereth's name. You never violated your personal moral code. Dungeon overview: The Dungeons of Doom: levels 1 to 6 Level 1 a fountain a long staircase Level 2 a general store, an altar to Issek, a fountain Level 3 a general store, a fountain Level 4 a potion shop, some fountains stairs to The Gnomish Mines Level 5 <- You were here a general store Level 6 The Gnomish Mines: Level 5 stairs to The Dungeons of Doom History has recorded: On T:1 you entered the Dungeons of Doom to retrieve the Amulet of Yendor! On T:306 you reached level 2 of The Dungeons of Doom. On T:364 you reached level 3 of The Dungeons of Doom. On T:646 you advanced to experience level 2. On T:860 you reached level 4 of The Dungeons of Doom. On T:1163 you reached level 1 of The Gnomish Mines. On T:1259 you reached level 5 of The Dungeons of Doom. On T:1404 you advanced to experience level 3. On T:1592 you prayed to Kos. On T:1630 you advanced to experience level 4. On T:2032 you reached level 6 of The Dungeons of Doom. On T:2069 you advanced to experience level 5. Score breakdown: Gold: 709 ( 70 points) Experience: 5 levels ( 400 points) Exploration: 6 levels ( 150 points) Discoveries: 19 items ( 950 points) Variety of kills: 15 monsters ( 750 points) Major goal: (nothing yet) ( 0 points) Survival: died (score multiplied by 3) Total score: 6960 Latest messages: You see here a sling (40 zorkmids). You see here a food ration (60 zorkmids). Wait! That's a small mimic! You stab the small mimic. You stab the small mimic! (2x) You kill the small mimic! You see here a golden potion (267 zorkmids). You see here a granite ring (356 zorkmids). You see here a brass lantern (16 zorkmids). "For you, honored lady; only 16 for this brass lantern." P - a brass lantern (unpaid, 16 zorkmids). You see here a splint mail (107 zorkmids). You see here a yellowish brown gem (1333 zorkmids). You see here 8 crude arrows (168 zorkmids). You see here a sky blue potion (267 zorkmids). You see here a plate mail (800 zorkmids). Wait! That's a giant mimic! You stab the giant mimic! You stab the giant mimic. The giant mimic claws you! (2x) You stab the giant mimic! You stab the giant mimic. You stab the giant mimic! You stab the giant mimic. The giant mimic claws you! You die... Pakka Pakka comes and takes all your possessions. Final status: Goodbye woodfighter the Rogue, killed by a giant mimic... You died in The Dungeons of Doom on dungeon level 5 with 6960 points, and 709 pieces of gold, after 2119 moves. You were level 5 with a maximum of 29 hit points when you died.